 Dungeon Crawl Stone Soup version 0.31-a0-43-g46d131a48f (webtiles) character file.

Game seed: 2062076873260004232

13228 ytrimaz the Warrior (level 12, -4/141 HPs)
             Began as an Ogre Gladiator on May 19, 2023.
             Was a Priest of Okawaru.
             Slain by a yak (13 damage)
             ... on level 10 of the Dungeon.
             The game lasted 00:14:56 (11194 turns).

ytrimaz the Warrior (Ogre Gladiator)               Turns: 11194, Time: 00:14:57

Health: -4/141     AC:  8    Str: 29    XL:     12   Next: 3%
Magic:  0/16       EV: 10    Int:  9    God:    Okawaru [***...]
Gold:   487        SH:  0    Dex: 10    Spells: 11/11 levels left

rFire   . . .        P - +12 flail "Giantbane" {drain, Fragile rPois Str+4}
rCold   . . .        (no shield)
rNeg    . . .        Q - +0 troll leather armour
rPois   +            c - +0 hat
rElec   .            j - +2 cloak
rCorr   +            (gloves unavailable)
SInv    +            (boots unavailable)
Will    +....        k - amulet of guardian spirit
Stlth   +            I - ring of see invisible
HPRegen 1.23/turn    u - ring of resist corrosion
MPRegen 0.15/turn

%: guardian spirit
@: no status effects
A: large, unfitting armour, tough skin 1
a: Renounce Religion, Heroism


You were on level 10 of the Dungeon.
You worshipped Okawaru.
Okawaru was most pleased with you.
You visited 3 branches of the dungeon, and saw 13 of its levels.
You also visited: Ossuary.

You collected 724 gold pieces.
You spent 237 gold pieces at shops.


Innate Abilities, Weirdness & Mutations

You are too large for most types of armour.
You have tough skin. (AC +1)


   Skills:
 - Level 15.0 Fighting
 + Level 9.7 Maces & Flails
 + Level 10.2 Throwing
 - Level 2.6 Dodging
 * Level 6.0 Invocations


You had 11 spell levels left.
You didn't know any spells.
Your spell library contained the following spells:

 Spells                   Type           Power      Damage    Failure   Level
 Sting                    Tmut/Pois      0%         1d3       41%         1
 Ensorcelled Hibernation  Hex/Ice        0%         N/A       56%         2
 Passwall                 Tmut/Erth      0%         N/A       56%         2
 Poisonous Vapours        Pois/Air       0%         N/A       56%         2
 Swiftness                Air            0%         N/A       80%         3
 Olgreb's Toxic Radiance  Pois           0%         N/A       99%         4

Inventory:

Hand Weapons
 p - a +2 dire flail of holy wrath
   (You took it off Edmund on level 4 of the Dungeon)
 M - a +0 giant club
   (You took it off a two-headed ogre on level 7 of the Dungeon)
 P - the +12 flail "Giantbane" (weapon) {drain, Fragile rPois Str+4}
   (You bought it in a shop on level 8 of the Dungeon)

   Str:       It affects your strength (+4).
   rPois:     It protects you from poison.
   Fragile:   It will be destroyed if unequipped.
 T - a +4 dire flail
   (You took it off a wight on level 8 of the Dungeon)
 Z - a +0 giant spiked club
   (You took it off a two-headed ogre on level 10 of the Dungeon)
Missiles
 a - 5 javelins
 d - 3 throwing nets
 v - a large rock (quivered)
 B - 22 poisoned darts
 V - a curare-tipped dart
 W - 2 boomerangs
 X - a boomerang of dispersal
Armour
 c - a +0 hat (worn)
 j - a +2 cloak (worn)
   (You found it on level 1 of the Dungeon)
 z - +0 swamp dragon scales
   (You took it off Maggie on level 8 of the Dungeon)
 Q - a +0 troll leather armour (worn)
   (You found it on level 8 of the Dungeon)
 R - +0 acid dragon scales
   (You found it on level 8 of the Dungeon)
 Y - a +1 cloak of preservation
   (You found it on level 9 of the Dungeon)
Jewellery
 b - a ring of positive energy
   (You found it on level 10 of the Dungeon)
 k - an amulet of guardian spirit (around neck)
   (You found it on level 1 of the Dungeon)
 l - an amulet of faith
   (You found it on level 4 of the Dungeon)
 m - a ring of magical power
   (You found it on level 2 of the Dungeon)
 q - a ring of magical power
   (You found it on level 2 of the Dungeon)
 u - a ring of resist corrosion (right hand)
   (You took it off a kobold on level 4 of the Dungeon)
 H - a ring of poison resistance
   (You found it on level 7 of the Dungeon)
 I - a ring of see invisible (left hand)
   (You found it on level 7 of the Dungeon)
Wands
 F - a wand of paralysis (10)
   (You found it on level 6 of the Dungeon)
 J - a wand of light (15)
   (You found it on level 7 of the Dungeon)
 S - a wand of flame (9)
   (You found it on level 8 of the Dungeon)
Scrolls
 t - a scroll of magic mapping
 x - 2 scrolls of blinking
 A - 2 scrolls of enchant armour
 E - 3 scrolls of immolation {unknown}
 G - a scroll of vulnerability {unknown}
 K - 3 scrolls of teleportation
 O - a scroll of fog
Potions
 e - 2 potions of haste
 f - 6 potions of curing
 g - 3 potions of might {unknown}
 h - 3 potions of lignification
 i - a potion of attraction {unknown}
 o - 2 potions of invisibility
 r - 3 potions of mutation {unknown}
 s - 3 potions of magic
 w - 3 potions of cancellation {unknown}
 C - 2 potions of ambrosia {unknown}
 D - 2 potions of resistance {unknown}
 L - a potion of experience {unknown}
 U - a potion of brilliance {unknown}

Dungeon Overview and Level Annotations

Branches:
Dungeon (11/15) Zot: 26963  Temple (1/1) D:4 Zot: 5956    Lair (1/5) D:8 Zot: 5998
    Orc (0/2) D:9         Ossuary (visited)

Altars:
Ashenzari
Cheibriados
Dithmenos
Elyvilon
Fedhas
Gozag
Hepliaklqana
Kikubaaqudgha
Makhleb
Nemelex Xobeh
Okawaru
Qazlal
Ru
Sif Muna
Trog
Uskayaw
Vehumet
Wu Jian
Xom
Yredelemnul
Zin
The Shining One

Shops:
D:2 (   D:8 *((   D:10 (

Annotations:
D:8 3 runed translucent doors, logorrheac's ghost, novice TrBe

#.#.#.......##..#..#
#..∩...#...........#
#######.#.#..#.....#.##.## ##
#..................#.##.# .#
##)#####.###.####........# .#
#.....##.# #..........####
.###..##.##.# #######...## ##
......##.##.###### #...# ####.
.####..........Y@# #...# #....
......##.##.####Y####...#####..##
......##..#[#...Y..........)...#
............[.#................##
......###.#.#....................
......# #.#...>..####..)#####....
......# #.###########...### #...#
####### #.# #.......####†.. #.#
#.#...#.##.....


You could see 3 yaks.


Message History

The yak closely misses you. x2; The yak gores you but does no damage.
The yak gores you!
* * * LOW HITPOINT WARNING * * *
😱 HP[-8]
You take 8 damage, and now have 31/141 hp.
You bludgeon the yak!!
You kill the yak!
Okawaru accepts your kill. The yak barely misses you. The yak gores you.
* * * LOW HITPOINT WARNING * * *
The yak gores you!
* * * LOW HITPOINT WARNING * * *
The yak gores you.
* * * LOW HITPOINT WARNING * * *
😱 HP[-15] MP[-3]
You take 15 damage, and now have 16/141 hp.
You lost 3 mp, and now have 2/16 mp.
Unknown command.
You feel much better. The yak gores you but does no damage.
The yak closely misses you. The yak gores you but does no damage.
The yak closely misses you. 😨 HP[+26]
You regained 26 hp, and now have 42/141 hp.
The yak closely misses you. The yak gores you!
* * * LOW HITPOINT WARNING * * *
The yak closely misses you. The yak gores you.
* * * LOW HITPOINT WARNING * * *
You climb upwards.
There is a stone staircase leading down here. 😱 HP[-11] MP[+1]
You take 11 damage, and now have 31/141 hp.
Unknown command.
Unknown command.
The yak gores you but does no damage. The yak barely misses you. 😱 HP[+1]
The yak attacks as you move away! The yak misses you. 😱 HP[+2]
You regained 2 hp, and now have 34/141 hp.
The yak gores you but does no damage. 😱 HP[+1]
The yak attacks as you move away! The yak barely misses you. 😨 HP[+1]
The yak attacks as you move away! The yak barely misses you. 😨 HP[+1]
The yak gores you.
* * * LOW HITPOINT WARNING * * *
😨 HP[+1] MP[-1]
You lost 1 mp, and now have 2/16 mp. 😨 HP[+1] MP[+1]
You thump the yak! You drain the yak. The yak gores you!
* * * LOW HITPOINT WARNING * * *
😱 HP[-7] MP[-1]
You take 7 damage, and now have 32/141 hp.
You lost 1 mp, and now have 2/16 mp.
You sock the yak! 😱 HP[+1]
You bludgeon the yak!!
You kill the yak!
Okawaru accepts your kill.
Your Invocations skill increases to level 6! 😱 HP[+1]
The yak gores you!
* * * LOW HITPOINT WARNING * * *
You see here a yak corpse. 😱 HP[-7] MP[-1]
You take 7 damage, and now have 27/141 hp.
You lost 1 mp, and now have 1/16 mp. 😱 HP[+2]
You regained 2 hp, and now have 29/141 hp.
You sock the yak! The yak gores you.
* * * LOW HITPOINT WARNING * * *
The yak gores you!
* * * LOW HITPOINT WARNING * * *
Unknown command. 😱 HP[-13] MP[-1]
You take 13 damage, and now have 16/141 hp.
You lost 1 mp, and now have 0/16 mp.
You barely miss the yak. The yak barely misses you. The yak gores you.
* * * LOW HITPOINT WARNING * * *
😱 HP[-2]
You take 2 damage, and now have 14/141 hp.
Unknown command.
You feel much better. The yak gores you but does no damage. The yak gores you!
* * * LOW HITPOINT WARNING * * *
😱 HP[+14]
You regained 14 hp, and now have 28/141 hp.
Unknown command.
You closely miss the yak. The yak gores you!
* * * LOW HITPOINT WARNING * * *
The yak closely misses you. 😱 HP[-11]
You take 11 damage, and now have 17/141 hp.
You sock the yak!
The yak seems less drained.
The yak gores you.
* * * LOW HITPOINT WARNING * * *
The yak gores you.
* * * LOW HITPOINT WARNING * * *
😱 HP[-10]
You take 10 damage, and now have 7/141 hp.
You hit the yak. The yak gores you!
You die...

Skill      XL: |  1  2  3  4  5  6  7  8  9 10 11 12 |
---------------+-------------------------------------+-----
Fighting       | 3 4 6 7 8 10 13 15 | 15.0
Maces & Flails | 3 4 5 7 8 9 |  9.7
Throwing       | 3 4 5 7 8 10 | 10.2
Invocations    | 5 6 |  6.0
Dodging        | |  2.6

Action                     |  1- 3 |  4- 6 |  7- 9 | 10-12 || total
---------------------------+-------+-------+-------+-------++-------
  Melee: Flail             |   109 |    71 |    53 |   353 ||   586
         Punch             |       |     1 |     1 |     1 ||     3
         Dire flail        |       |       |   290 |    29 ||   319
  Throw: Throwing net      |     2 |     4 |     1 |       ||     7
         Large rock        |       |     5 |     3 |       ||     8
  Evoke: Wand              |       |       |       |     3 ||     3
    Use: Scroll            |       |     4 |     6 |     2 ||    12
         Potion            |       |       |     2 |     6 ||     8
   Stab: Invisible         |       |       |     3 |     3 ||     6
         Sleeping          |       |       |     3 |       ||     3
 Armour: Robe              |    26 |    38 |   141 |    14 ||   219
         Skin              |       |       |     9 |    31 ||    40
         Troll leather arm |       |       |       |   117 ||   117
  Dodge: Dodged            |    66 |    32 |   192 |   242 ||   532

Levels and vault maps discovered:
D:1:      tekkud_arrival_beachfront_property, layout_basic, minmay_quantized
D:2:      layout_basic, serial_shops, shop, ebering_ecumenical_altar_webs,
          grunt_ministairs_14, minmay_diced_spiral
D:3:      layout_loops_corners, serial_glass, glass_columns_b, glass_columns_c,
          glass_columns_b, glass_columns_a, glass_columns_c, glass_columns_c,
          glass_columns_a, glass_columns_a
D:4:      layout_cave_pods, minmay_temple_entry_tees, sigmund_edmund_badplayer,
          uniq_pikel
D:5:      layout_rooms, xom_confusion_cloud,
          mainiacjoe_overflow_six_doors_small, marbit_many_paths
D:6:      layout_basic, mainiacjoe_overflow_tiny_flanked, kennysheep_mini,
          enter_ossuary_4, nicolae_figureground_sparkle, uniq_edmund
D:7:      layout_loops_corners, led_sif_pool,
          mainiacjoe_overflow_catwalk_spiral, glass_columns_a
D:8:      layout_basic, nicolae_yredelemnul_ghost_church, erik_lair_island,
          serial_shops, nicolae_shop_behind_doors, nicolae_shop_crystal, shop,
          hangedman_decor_slide_cut, serial_bayou_ford_a, uniq_maggie
D:9:      layout_small_grid, okawaru_trees_1, lemuel_round_altar, david_orc_5,
          biasface_ghost_orc_armoury, kennysheep_generic_room_10
D:10:     layout_loops_cross, serial_shops, nicolae_shop_crystal, uniq_lodul
D:11:     layout_long_grid, portal_ice_cave_rime, hive_lemuel
Temple:   hellmonk_temple_divided_pantheon
Lair:1:   layout_loops_ring, nicolae_lair_run_with_the_wolves,
          infiniplex_staircase_pool_2

Notes
Turn   | Place    | Note
-------+----------+-------------------------------------------
     0 | D:1      | ytrimaz the Ogre Gladiator began the quest for the Orb.
     0 | D:1      | Reached XP level 1. HP: 22/22 MP: 1/1
     0 | D:1      | magus.rc [v1.9.6]
   100 | D:1      | Reached skill level 3 in Fighting
   138 | D:1      | Reached XP level 2. HP: 21/31 MP: 2/2
   429 | D:1      | Reached XP level 3. HP: 39/39 MP: 3/3
   445 | D:1      | Reached skill level 3 in Maces & Flails
   712 | D:1      | Reached skill level 4 in Fighting
  1135 | D:2      | HP: 9/39 [poisoned by a goblin]
  1403 | D:2      | Found a faded altar of an unknown god.
  1648 | D:2      | Found Runka's Weapon Shop.
  1858 | D:2      | magus.rc [v1.9.6]
  1991 | D:3      | Reached XP level 4. HP: 49/49 MP: 4/4
  2928 | D:4      | Noticed Sigmund
  2938 | D:4      | Killed Sigmund
  2939 | D:4      | Reached skill level 6 in Fighting
  2939 | D:4      | Reached skill level 3 in Throwing
  2939 | D:4      | Reached XP level 5. HP: 46/59 MP: 5/5
  2939 | D:4      | Reached XP level 6. HP: 52/67 MP: 6/6
  3002 | D:4      | Found a staircase to the Ecumenical Temple.
  3005 | D:4      | Noticed Pikel
  3056 | D:4      | Killed Pikel
  3057 | D:4      | Reached skill level 7 in Fighting
  3057 | D:4      | Reached skill level 4 in Maces & Flails
  3057 | D:4      | Reached skill level 4 in Throwing
  3057 | D:4      | Reached XP level 7. HP: 45/79 MP: 7/7
  3192 | D:4      | You pick up a book of Burglary and begin reading...
  3192 | D:4      | You add the spells Passwall, Ensorcelled Hibernation and
                  | Swiftness to your library.
  3233 | D:4      | Reached skill level 8 in Fighting
  3875 | D:4      | Noticed Edmund
  3879 | D:4      | Killed Edmund
  3880 | D:4      | Reached XP level 8. HP: 91/91 MP: 8/8
  3993 | D:5      | Entered Level 5 of the Dungeon
  4005 | D:5      | Reached skill level 9 in Fighting
  4005 | D:5      | Reached skill level 5 in Maces & Flails
  4005 | D:5      | Reached skill level 5 in Throwing
  4205 | D:5      | Found an opulent altar of Gozag.
  4289 | D:5      | Found a shadowy altar of Dithmenos.
  4331 | D:5      | Found a shimmering altar of Xom.
  4403 | D:5      | Reached skill level 10 in Fighting
  4578 | D:5      | Reached XP level 9. HP: 59/102 MP: 9/9
  5003 | D:6      | Reached skill level 6 in Throwing
  5069 | D:6      | Reached skill level 11 in Fighting
  5140 | D:6      | Found an ornate altar of the Wu Jian Council.
  5166 | D:6      | Reached skill level 6 in Maces & Flails
  5232 | D:6      | HP: 25/105 [poisoned by a water moccasin]
  5237 | D:6      | HP: 23/157 [poisoned by a water moccasin]
  5240 | D:6      | HP: 10/157 [orc priest/divine providence (7)]
  5257 | D:6      | HP: 13/157 [orc/+0 falchion (3)]
  5309 | D:6      | Found a sand-covered staircase.
  5335 | Ossuary  | Entered an ossuary
  5840 | D:6      | Found a glowing silver altar of Zin.
  5948 | D:6      | Reached skill level 12 in Fighting
  6825 | D:7      | Found a hide-covered altar of Uskayaw.
  6835 | D:7      | Found a hazy altar of Hepliaklqana.
  6836 | D:7      | Noticed a two-headed ogre
  6843 | D:7      | Killed a two-headed ogre
  6844 | D:7      | Reached skill level 13 in Fighting
  6844 | D:7      | Reached skill level 7 in Maces & Flails
  6844 | D:7      | Reached skill level 7 in Throwing
  6844 | D:7      | Reached XP level 10. HP: 56/119 MP: 5/10
  7616 | D:7      | Found a shimmering blue altar of Sif Muna.
  7704 | D:8      | Found Wiajemp's General Store.
  7707 | D:8      | Bought a potion of lignification for 42 gold pieces
  7732 | D:8      | Found Voits's Antique Weapon Boutique.
  7738 | D:8      | Bought a scorched flail for 195 gold pieces
  7738 | D:8      | Identified the +12 flail "Giantbane" {drain, Fragile rPois
                  | Str+4} (You bought it in a shop on level 8 of the Dungeon)
  7743 | D:8      | Found Igha's Weapon Shop.
  8204 | D:8      | Reached skill level 14 in Fighting
  8279 | D:8      | Noticed Maggie
  8290 | D:8      | Killed Maggie
  8359 | D:8      | Found a runed translucent gate.
  8359 | D:8      | Found a runed translucent gate.
  8359 | D:8      | Found a runed translucent gate.
  8359 | D:8      | Noticed logorrheac's ghost (novice TrBe)
  8363 | D:8      | Reached skill level 8 in Throwing
  8369 | D:8      | Found a basalt altar of Yredelemnul.
  8394 | D:8      | Found a staircase to the Lair.
  8910 | Temple   | Entered the Ecumenical Temple
  8910 | Temple   | Found a transporter.
  8910 | Temple   | Found a transporter.
  8912 | Temple   | Found a transporter.
  8912 | Temple   | Found a transporter.
  9178 | Lair:1   | Entered Level 1 of the Lair of Beasts
  9317 | D:9      | Found a runed translucent gate.
  9318 | D:9      | Found a runed translucent gate.
  9358 | D:9      | Found a sparkling altar of Nemelex Xobeh.
  9378 | D:9      | Found a runed translucent gate.
  9381 | D:9      | You add the spells Sting, Poisonous Vapours and Olgreb's
                  | Toxic Radiance to your library.
  9436 | D:9      | HP: 44/184 [yak (9)]
  9439 | D:9      | Reached skill level 8 in Maces & Flails
  9441 | D:9      | HP: 26/184 [yak (11)]
  9442 | D:9      | Reached skill level 15 in Fighting
  9442 | D:9      | Reached XP level 11. HP: 28/132 MP: 2/11
  9447 | D:9      | HP: 26/132 [yak (9)]
  9451 | D:9      | HP: 6/132 [yak (12)]
  9595 | D:9      | Found a staircase to the Orcish Mines.
  9715 | D:9      | Found an iron altar of Okawaru.
  9758 | D:9      | Noticed retardedninja's ghost (novice GnFE)
  9762 | D:9      | Identified the +1 ring mail of the Screaming Gods {rCorr}
  9856 | D:9      | Reached skill level 9 in Throwing
  9972 | D:9      | Became a worshipper of Warmaster Okawaru
 10199 | D:9      | Killed retardedninja's ghost
 10390 | D:10     | Entered Level 10 of the Dungeon
 10396 | D:10     | Found Gicex's Weapon Shoppe.
 10410 | D:10     | Reached skill level 9 in Maces & Flails
 10420 | D:10     | Reached skill level 1 in Invocations
 10427 | D:10     | Reached * piety under Okawaru
 10553 | D:10     | Noticed Lodul
 10568 | D:10     | Reached skill level 2 in Invocations
 10575 | D:10     | Killed Lodul
 10576 | D:10     | Reached skill level 3 in Invocations
 10583 | D:10     | Reached ** piety under Okawaru
 10584 | D:10     | Noticed a two-headed ogre
 10595 | D:10     | Killed a two-headed ogre
 10596 | D:10     | Reached skill level 4 in Invocations
 10945 | D:10     | Reached skill level 10 in Throwing
 11106 | D:10     | Reached skill level 5 in Invocations
 11117 | D:10     | Reached *** piety under Okawaru
 11168 | D:11     | Reached XP level 12. HP: 108/141 MP: 10/16
 11172 | D:11     | HP: 31/141 [yak (7)]
 11184 | D:10     | HP: 32/141 [yak (8)]
 11187 | D:10     | Reached skill level 6 in Invocations
 11189 | D:10     | HP: 29/141 [yak (1)]
 11190 | D:10     | HP: 14/141 [yak (3)]
 11194 | D:10     | Slain by a yak

Vanquished Creatures
  2 two-headed ogres
  Lodul (D:10)
  Pikel (D:4)
  The ghost of retardedninja the Firebug, a novice GnFE (D:9)
  Maggie (D:8)
  3 trolls
  Sigmund (D:4)
  2 wyverns (D:10)
  A wraith (D:9)
  A vampire (D:10)
  19 yaks
  2 steam dragons
  Edmund (D:4)
  3 acid dragons
  2 water moccasins
  2 black bears (D:5)
  6 orc warriors
  A sky beast (D:6)
  5 ice beasts
  7 ogres (D:10)
  2 lemures (D:4)
  2 wolves (D:8)
  3 centaurs
  3 phantoms
  2 kobold brigands (D:9)
  2 elf zombies (Ossuary)
  4 bullfrogs
  2 gnoll sergeants
  4 wights (D:8)
  3 scorpions
  5 killer bees (D:10)
  6 electric eels (D:8)
  A howler monkey (D:9)
  3 centaur zombies
  3 human zombies (Ossuary)
  7 orc priests
  2 gnoll boudas
  5 hounds
  4 jellies
  2 iguanas
  2 sleepcaps
  7 orc wizards
  A killer bee zombie (D:8)
  2 mummies (Ossuary)
  13 gnolls
  2 adders
  2 ufetubi
  7 dart slugs
  49 orcs
  4 bats
  8 endoplasms
  7 giant cockroaches
  5 goblins
  6 hobgoblins
  3 quokkas
  8 ball pythons
  3 frilled lizards
  2 goblin zombies
  9 hobgoblin zombies (Ossuary)
  2 jackal zombies (Ossuary)
  21 kobolds
  4 kobold zombies (Ossuary)
  12 orc zombies (Ossuary)
  6 rats
  3 rat zombies
315 creatures vanquished.

Vanquished Creatures (others)
  A scorpion (D:5)
  An iguana (D:5)
2 creatures vanquished.

Grand Total: 317 creatures vanquished

Table legend:
 A = Non-vault XP
 B = Vault XP
 C = Vault XP percentage of total XP
 D = Non-vault monster count
 E = Vault monster count
 F = Vault count percentage of total count
                 A         B        C        D         E       F
            +---------+---------+-------+---------+---------+-------
      Total |   12826 |    6072 |  32.1 |     199 |     114 |  36.4
            +---------+---------+-------+---------+---------+-------
        D:1 |      43 |       5 |  10.4 |      23 |       4 |  14.8
        D:2 |      17 |      15 |  46.9 |      11 |       6 |  35.3
        D:3 |      29 |       0 |   0.0 |      12 |       0 |   0.0
        D:4 |     265 |     979 |  78.7 |      17 |       3 |  15.0
        D:5 |     767 |     302 |  28.3 |      12 |       7 |  36.8
        D:6 |    1002 |       2 |   0.2 |      17 |       2 |  10.5
        D:7 |    1567 |       0 |   0.0 |      20 |       0 |   0.0
        D:8 |    1702 |    1161 |  40.6 |      28 |      10 |  26.3
        D:9 |    2318 |    1547 |  40.0 |      27 |      35 |  56.5
       D:10 |    4467 |    1590 |  26.3 |      29 |       8 |  21.6
       D:11 |     649 |       0 |   0.0 |       3 |       0 |   0.0
    Ossuary |       0 |     471 | 100.0 |       0 |      39 | 100.0
            +---------+---------+-------+---------+---------+-------

Skill      XL: |  1  2  3  4  5  6  7  8  9 10 11 12 |
---------------+-------------------------------------+-----
Fighting       | 3 4 6 7 8 10 13 15 | 15.0
Maces & Flails | 3 4 5 7 8 9 |  9.7
Throwing       | 3 4 5 7 8 10 | 10.2
Invocations    | 5 6 |  6.0
Dodging        | |  2.6

Action                     |  1- 3 |  4- 6 |  7- 9 | 10-12 || total
---------------------------+-------+-------+-------+-------++-------
  Melee: Flail             |   109 |    71 |    53 |   353 ||   586
         Punch             |       |     1 |     1 |     1 ||     3
         Dire flail        |       |       |   290 |    29 ||   319
  Throw: Throwing net      |     2 |     4 |     1 |       ||     7
         Large rock        |       |     5 |     3 |       ||     8
  Evoke: Wand              |       |       |       |     3 ||     3
    Use: Scroll            |       |     4 |     6 |     2 ||    12
         Potion            |       |       |     2 |     6 ||     8
   Stab: Invisible         |       |       |     3 |     3 ||     6
         Sleeping          |       |       |     3 |       ||     3
 Armour: Robe              |    26 |    38 |   141 |    14 ||   219
         Skin              |       |       |     9 |    31 ||    40
         Troll leather arm |       |       |       |   117 ||   117
  Dodge: Dodged            |    66 |    32 |   192 |   242 ||   532

Illustrated notes

Table legend:
 A = Kills in this place as a percentage of kills in the entire game.
 B = Kills by you in this place as a percentage of kills by you in the entire game.
 C = Kills by friends in this place as a percentage of kills by friends in the entire game.
 D = Other kills in this place as a percentage of other kills in the entire game.
 E = Experience gained in this place as a percentage of experience gained in the entire game.
 F = Experience gained in this place divided by the number of levels of this place that you have seen.
                   A       B       C       D       E      F
               +-------+-------+-------+-------+-------+----------------------
         Total | 100.0 | 100.0 |   N/A |   N/A | 100.0 | 1349.9
       Dungeon |  87.5 |  87.5 |   N/A |   N/A |  97.5 | 1675.2
       Ossuary |  12.5 |  12.5 |   N/A |   N/A |   2.5 | 471.0
               +-------+-------+-------+-------+-------+----------------------

Table legend: (Time is in decaauts)
 A = Elapsed time spent in this place.
 B = Non-inter-level travel time spent in this place.
 C = Inter-level travel time spent in this place.
 D = Time resting spent in this place.
 E = Time spent auto-exploring this place.
 F = Levels seen in this place.
 G = Mean time per level.
                   A        B        C        D        E       F      G
               +--------+--------+--------+--------+--------+-----+--------+
         Total |  11246 |  10580 |    666 |    427 |   7839 |  14 |  803.3 |
       Dungeon |  10719 |  10066 |    653 |    256 |   7668 |  11 |  974.5 |
        Temple |     43 |     30 |     13 |      0 |      7 |   1 |   43.0 |
          Lair |      1 |      1 |      0 |      0 |      0 |   1 |    1.0 |
       Ossuary |    481 |    481 |      0 |    171 |    164 |   1 |  481.0 |
               +--------+--------+--------+--------+--------+-----+--------+

Top non-repeatable levels by time:
     D:7: 1328 daAuts
     D:8: 1210 daAuts
     D:9: 1189 daAuts
     D:4: 1174 daAuts
     D:2: 1155 daAuts
     D:3: 1038 daAuts
     D:6: 1015 daAuts
     D:5: 1007 daAuts
     D:1: 803 daAuts
    D:10: 778 daAuts
 Ossuary: 481 daAuts
  Temple: 43 daAuts
    D:11: 17 daAuts
  Lair:1: 1 daAuts
